 Dungeon Crawl Stone Soup version 0.26-a0-1191-ge2a0e31ab3 (webtiles) character file.

Game seed: 11101183446561792340

12868 jasper the Carver (level 12, -7/73 HPs)
             Began as a Kobold Berserker on Dec 28, 2020.
             Was a High Priest of Trog.
             Mangled by a cane toad (20 damage)
             ... on level 1 of the Lair of Beasts.
             The game lasted 00:29:42 (17351 turns).

jasper the Carver (Kobold Berserker)               Turns: 17351, Time: 00:29:43

Health: -7/73      AC:  9    Str: 22    XL:     12   Next: 25%
Magic:  12/12      EV: 21    Int: 10    God:    Trog [*****.]
Gold:   3          SH: 12    Dex: 20    Spells: 11/11 levels left

rFire    . . .     SeeInvis .   a - +0 falchion
rCold    . . .     Faith    .   s - +0 buckler
rNeg     . . .     Spirit   .   r - +0 troll leather armour
rPois    +         Reflect  +   (no helmet)
rElec    .         Harm     .   N - +0 cloak
rCorr    .         Rampage  .   (no gloves)
Will     ++...                  (no boots)
Stlth    ++........             Q - amulet of Vediaqic {Reflect rPois Dex+4 SH+5}
HPRegen  1.62/turn              g - +6 ring of strength
MPRegen  0.13/turn              F - +4 ring of protection

@: lethally poisoned (-7 -> -7), berserk cooldown, regenerating, slowed, very
slow
A: small, nightstalker 3
a: Renounce Religion, Berserk, Trog's Hand, Brothers in Arms


You were on level 1 of the Lair of Beasts.
You worshipped Trog.
Trog was extremely pleased with you.
You visited 2 branches of the dungeon, and saw 13 of its levels.

You collected 747 gold pieces.
You spent 744 gold pieces at shops.

Inventory:

Hand Weapons
 a - a +0 falchion (weapon)
 b - a +0 hunting sling
 y - a +4 short sword
 P - a +6 falchion of flaming
Missiles
 c - 453 stones (quivered)
 x - 71 sling bullets
 z - 8 throwing nets
Armour
 e - a +0 animal skin
 f - a +0 ring mail
 l - a +0 scale mail
 r - a +0 troll leather armour (worn)
 s - a +0 buckler (worn)
 G - a +0 chain mail
 J - a +0 kite shield
 N - a +0 cloak (worn)
Jewellery
 g - a +6 ring of strength (left hand)
 E - an uncursed amulet of reflection
 F - a +4 ring of protection (right hand)
 K - a +6 ring of dexterity
 L - an uncursed amulet of the acrobat
 Q - the amulet of Vediaqic (around neck) {Reflect rPois Dex+4 SH+5}
   (You bought it in a shop on level 7 of the Dungeon)

   [amulet of reflection]

   It shields you and reflects attacks.
   It affects your dexterity (+4).
   It protects you from poison.
   It affects your SH (+5).
Wands
 v - a wand of random effects (13)
 w - a wand of flame (55)
 C - a wand of digging (14)
 H - a wand of polymorph (5)
 I - a wand of acid (3)
Scrolls
 d - 3 scrolls of enchant weapon
 k - 2 scrolls of fog
 n - 2 scrolls of immolation
 o - 3 scrolls of teleportation
 p - 5 scrolls of remove curse
Potions
 h - 4 potions of curing
 i - a potion of berserk rage {unknown}
 j - 2 potions of brilliance
 m - 3 potions of flight
 q - 4 potions of mutation
 t - 3 potions of degeneration
 u - 2 potions of cancellation
 A - 2 potions of might
 B - 5 potions of attraction
 D - a potion of resistance
 M - 3 potions of lignification
 O - a potion of haste {unknown}


   Skills:
 - Level 8.0 Fighting
 * Level 12.3 Long Blades
 - Level 3.0 Slings
 - Level 1.5 Armour
 - Level 8.1 Dodging
 - Level 5.6 Shields


You had 11 spell levels left.
You didn't know any spells.
Your spell library was empty.

Dungeon Overview and Level Annotations

Branches:
Dungeon (12/15)            Temple (0/1) D:6            Lair (1/6) D:10
    Orc (0/2) D:9

Altars:
Ashenzari
Cheibriados
Fedhas
Nemelex Xobeh
Qazlal
Ru
Trog
Vehumet
Wu Jian
Xom

Shops:
D:7 =   D:9 (

Annotations:
D:3 2 transporters
D:9 2 transporters, Clumpoid's ghost, novice BaFi
D:10 3 runed translucent doors, Shayle's ghost, novice PaNe


Innate Abilities, Weirdness & Mutations

You are small and have problems with some larger weapons.
You are completely attuned to the shadows.


Message History

Trog accepts your kill.
You slash the cane toad!
The cane toad is heavily wounded.
You are no longer berserk.
Trog's vigour flows through your veins.
You are exhausted.
You feel yourself slow down. The cane toad barely misses you.
You now have 34/73 hp.
You slash the cane toad!
The cane toad is severely wounded.
You feel sick. You block the cane toad's attack.
You closely miss the cane toad.
The cane toad is severely wounded.
You feel sick. The cane toad stings you!!
* * * LOW HITPOINT WARNING * * *
You take 23 damage, and have 11/73 hp.
MASSIVE DAMAGE!!
Your skin crawls.
You feel strong-willed.
You feel sick. The cane toad stings you!!
You die...

#..### #.##.## .#.
#.#...# ..#
...###.†.### #.##
....#...##.####..#
....#..#.....##.F#
.....#......#..@.#
#.....##P.....#..##
#.....####.###..##
#.....# #.# ##.#
...PP.# #. #..#
...##.## ....
....##.# ......##
....#.....


You could see a cane toad.

Vanquished Creatures
  Josephine (D:11)
  A two-headed ogre (D:11)
  Nergalle (D:11)
  Pikel (D:6)
  A cyclops (D:11)
  Maurice (D:10)
  Psyche (D:10)
  2 cane toads (Lair:1)
  A merfolk (D:8)
  2 trolls
  A shadow (D:11)
  3 wraiths (D:11)
  2 wyverns
  The ghost of cobaltphoenix the Poker, an amateur DsGl (D:4)
  3 water moccasins
  3 sky beasts
  2 ice beasts (D:9)
  5 orc warriors
  A phantom (D:8)
  A black bear (Lair:1)
  8 ogres
  4 necrophages
  4 wolves
  4 centaurs
  3 lemures (D:6)
  5 big kobolds
  6 bullfrogs
  3 gnoll sergeants
  A wyvern skeleton (D:11)
  3 scorpions
  15 killer bees
  6 wights
  2 electric eels (D:10)
  A howler monkey (D:6)
  3 bullfrog zombies
  17 hounds
  A quasit (D:9)
  A centaur skeleton (D:6)
  2 jellies
  5 orc priests
  Terence (D:2)
  2 bullfrog skeletons
  4 iguanas
  16 orc wizards
  8 worker ants
  3 hound zombies
  2 hound skeletons
  2 mummies (D:7)
  A worker ant zombie (D:2)
  7 adders
  15 gnolls
  A howler monkey skeleton (D:4)
  A shadow imp (D:2)
  2 white imps
  An ufetubus (D:7)
  An ooze (D:4)
  An adder zombie (D:6)
  2 adder skeletons
  3 worms
  3 dart slugs
  A leopard gecko (D:1)
  48 orcs
  6 giant cockroaches
  10 goblins
  9 hobgoblins
  7 jackals
  35 kobolds
  4 quokkas
  3 ball pythons
  7 bats
  8 frilled lizards
  A jackal zombie (D:7)
  2 quokka zombies
  8 rats
353 creatures vanquished.

Vanquished Creatures (collateral kills)
  2 wraiths (D:11)
2 creatures vanquished.

Vanquished Creatures (others)
  An orc (D:4)
  4 plants (D:1)
  6 withered plants (D:7)
11 creatures vanquished.

Grand Total: 366 creatures vanquished

Notes
Turn   | Place    | Note
-------+----------+-------------------------------------------
     0 | D:1      | jasper the Kobold Berserker began the quest for the Orb.
     0 | D:1      | Reached XP level 1. HP: 14/14 MP: 1/1
   112 | D:1      | Reached XP level 2. HP: 19/19 MP: 2/2
   236 | D:1      | Reached skill level 3 in Long Blades
   412 | D:1      | Reached XP level 3. HP: 19/23 MP: 3/3
   756 | D:1      | Reached skill level 1 in Slings
  1111 | D:2      | Reached ** piety under Trog
  1126 | D:2      | Found a blossoming altar of Fedhas.
  1151 | D:2      | Reached XP level 4. HP: 28/28 MP: 4/4
  1987 | D:2      | Noticed Terence
  2007 | D:2      | Killed Terence
  2008 | D:2      | Reached XP level 5. HP: 14/32 MP: 5/5
  2781 | D:3      | Found a stormy altar of Qazlal.
  2830 | D:3      | Reached skill level 1 in Shields
  3317 | D:3      | Reached XP level 6. HP: 37/37 MP: 6/6
  3424 | D:3      | Found a transporter.
  3451 | D:3      | Found a transporter.
  3648 | D:4      | Reached *** piety under Trog
  3789 | D:4      | Found a large runed translucent door.
  3789 | D:4      | Found a large runed translucent door.
  4013 | D:4      | Found a bloodstained altar of Trog.
  4032 | D:4      | Noticed an ogre
  4056 | D:5      | Entered Level 5 of the Dungeon
  4812 | D:5      | Reached XP level 7. HP: 41/41 MP: 7/7
  6367 | D:6      | Found a staircase to the Ecumenical Temple.
  6368 | D:6      | Noticed a wyvern
  6377 | D:6      | Killed a wyvern
  6492 | D:6      | Reached skill level 5 in Shields
  6677 | D:6      | Noticed Pikel
  6878 | D:6      | Reached XP level 8. HP: 41/46 MP: 8/8
  6935 | D:6      | Reached skill level 4 in Long Blades
  7558 | D:7      | Found Soni's Jewellery Shop.
  7898 | D:7      | Reached skill level 5 in Long Blades
  7962 | D:7      | Reached XP level 9. HP: 48/52 MP: 9/9
  8484 | D:7      | Reached skill level 5 in Fighting
  8529 | D:7      | Reached skill level 6 in Long Blades
  8529 | D:7      | Reached skill level 5 in Dodging
  9039 | D:8      | Identified the +7 lajatang of the Ageless Friars {drain,
                  | +Rage rElec Str+6 Dex-3}
  9415 | D:6      | Reached **** piety under Trog
  9957 | D:6      | Killed Pikel
  9958 | D:6      | Reached skill level 7 in Long Blades
  9958 | D:6      | Reached XP level 10. HP: 61/61 MP: 10/10
 10973 | D:8      | Noticed a two-headed ogre
 11194 | D:4      | Found a broken altar of Ashenzari.
 11234 | D:4      | Found a shimmering altar of Xom.
 11246 | D:4      | Reached skill level 8 in Long Blades
 11321 | D:4      | Found a sparkling altar of Nemelex Xobeh.
 11458 | D:4      | Found a snail-covered altar of Cheibriados.
 11548 | D:4      | Found an ornate altar of the Wu Jian Council.
 11839 | D:4      | Noticed cobaltphoenix's ghost (amateur DsGl)
 11852 | D:4      | Killed cobaltphoenix's ghost
 12241 | D:8      | Found a radiant altar of Vehumet.
 12455 | D:8      | a two-headed ogre changed into a merfolk
 12515 | D:8      | Found a sacrificial altar of Ru.
 12718 | D:9      | Found a staircase to the Orcish Mines.
 12729 | D:9      | Reached ***** piety under Trog
 12897 | D:9      | Found Moimeb's Weapon Shop.
 13098 | D:9      | Reached XP level 11. HP: 68/68 MP: 11/11
 13117 | D:9      | Reached skill level 9 in Long Blades
 13118 | D:9      | Noticed Clumpoid's ghost (novice BaFi)
 13141 | D:9      | Noticed a four-headed hydra
 13142 | D:9      | Found a transporter.
 13596 | D:9      | Found a transporter.
 13983 | D:10     | Entered Level 10 of the Dungeon
 14126 | D:10     | Noticed Psyche
 14136 | D:10     | Killed Psyche
 14137 | D:10     | Reached skill level 10 in Long Blades
 14526 | D:10     | Noticed Maurice
 14662 | D:10     | Found a runed translucent gate.
 14662 | D:10     | Found a runed translucent gate.
 14663 | D:10     | Found a runed translucent gate.
 14876 | D:10     | Found a staircase to the Lair.
 15058 | D:10     | Killed Maurice
 15145 | D:10     | Noticed Shayle's ghost (novice PaNe)
 15212 | D:11     | Noticed Josephine
 15223 | D:11     | Killed Josephine
 15225 | D:11     | Reached skill level 11 in Long Blades
 15502 | D:11     | Noticed Nergalle
 15520 | D:11     | Killed Nergalle
 15596 | D:11     | Noticed a two-headed ogre
 15604 | D:11     | Killed a two-headed ogre
 15898 | D:11     | Reached XP level 12. HP: 73/73 MP: 12/12
 15905 | D:11     | Received a gift from Trog
 16523 | D:11     | Reached skill level 12 in Long Blades
 17122 | D:7      | Bought the amulet of Vediaqic {Reflect rPois Dex+4 SH+5}
                  | for 744 gold pieces
 17221 | Lair:1   | Entered Level 1 of the Lair of Beasts
 17351 | Lair:1   | Mangled by a cane toad

Illustrated notes

Levels and vault maps discovered:
D:1:      wander_arrival_fairy_ring, layout_loops_ring, minivault_19,
          minmay_misc_feat_hallway, chequers_serial_rivers_marsh
D:2:      layout_basic, fedhas_altar_2, uniq_terence
D:3:      layout_basic, overflow_temple_1_default,
          gammafunk_ghost_abyssal_escape, corexii_corridor_pit
D:4:      layout_cave_pools, general_overflow_altar, nzn_wu_jian_council_hall,
          lightli_temple_of_fire, nemelex_xobeh_ov_fountains_minmay,
          lemuel_round_altar, ebering_ghost_disaster_area,
          evilmike_ruin_ashenzari
D:5:      layout_layer_cave, portal_sewer_entry_e, guppyfry_early_lair_pool
D:6:      layout_basic, minmay_temple_entry_drinking_statues, uniq_pikel
D:7:      layout_basic, serial_undead, serial_undead_e, serial_undead_b,
          serial_undead_a, serial_undead_e, serial_undead_a, serial_shops, shop,
          minivault_1, hex_tiny
D:8:      layout_cave_pools, nicolae_overflow_hidden_temple,
          hangedman_ru_absence, serial_gnoll_camp, gnoll_camp_mini_sergeant,
          gnoll_camp_mini_doghouse, gnoll_camp_mini_loothouse,
          gnoll_camp_mini_basic
D:9:      layout_loops_ring, orc_david_3, gammafunk_ghost_arena,
          minmay_misc_feat_alley
D:10:     layout_loops_ring, erik_lair_island, gammafunk_ghost_icy, uniq_psyche,
          uniq_maurice
D:11:     layout_grid_maze, minmay_orc_keep, uniq_josephine, uniq_nergalle
D:12:     layout_basic, basic_altar, minivault_22, minivault_10,
          evilmike_minifort
Lair:1:   layout_cave_pods, basic_altar, chequers_serial_rivers_large_b,
          beast_lair_carwin_10

Skill      XL: |  1  2  3  4  5  6  7  8  9 10 11 12 |
---------------+-------------------------------------+-----
Long Blades    | 3 5 7 8 11 12 | 12.3
Slings         | 1 3 |  3.0
Shields        | 1 3 5 |  5.6
Dodging        | 4 6 8 |  8.1
Fighting       | 4 6 7 8 |  8.0
Armour         | |  1.5

Action                   |  1- 3 |  4- 6 |  7- 9 | 10-12 || total
-------------------------+-------+-------+-------+-------++-------
Melee: Falchion          |    35 |   132 |   377 |   838 ||  1382
 Fire: Hunting sling     |    69 |    96 |   101 |    63 ||   329
Throw: Stone             |     4 |       |     5 |    11 ||    20
Invok: Berserk           |     1 |     8 |    20 |    29 ||    58
       Trog's Hand       |       |       |     6 |     7 ||    13
       Brothers in Arms  |       |       |       |     1 ||     1
Evoke: Wand              |       |       |       |    12 ||    12
  Use: Scroll            |       |       |    10 |    15 ||    25
       Potion            |       |       |     3 |     2 ||     5
 Stab: Sleeping          |     2 |       |       |    11 ||    13
       Distracted        |       |       |       |     2 ||     2
Armor: Animal skin       |     6 |       |       |       ||     6
       Ring mail         |     4 |       |       |       ||     4
       Scale mail        |     7 |    43 |    87 |     3 ||   140
       Troll leather arm |       |       |       |    46 ||    46
Dodge: Dodged            |    48 |    89 |   213 |   458 ||   808
Block: Buckler           |       |    20 |   111 |   421 ||   552
       Reflection        |       |       |       |    11 ||    11
       Rpst.: Falchion   |    15 |    17 |    44 |   129 ||   205

Table legend: (Time is in decaauts)
 A = Elapsed time spent in this place.
 B = Non-inter-level travel time spent in this place.
 C = Inter-level travel time spent in this place.
 D = Time resting spent in this place.
 E = Time spent auto-exploring this place.
 F = Levels seen in this place.
 G = Mean time per level.
                   A        B        C        D        E       F      G
               +--------+--------+--------+--------+--------+-----+--------+
         Total |  17707 |  17007 |    700 |   4075 |   9859 |  13 | 1362.1 |
       Dungeon |  17602 |  16902 |    700 |   4040 |   9830 |  12 | 1466.8 |
          Lair |    105 |    105 |      0 |     35 |     29 |   1 |  105.0 |
               +--------+--------+--------+--------+--------+-----+--------+

Top non-repeatable levels by time:
     D:6: 2646 daAuts
     D:7: 2303 daAuts
     D:5: 2292 daAuts
    D:11: 1758 daAuts
     D:2: 1457 daAuts
     D:4: 1304 daAuts
     D:9: 1294 daAuts
    D:10: 1267 daAuts
     D:3: 1134 daAuts
     D:1: 1100 daAuts
     D:8: 983 daAuts
  Lair:1: 105 daAuts
    D:12: 59 daAuts
